 Dungeon Crawl Stone Soup version 0.21-a0-94-gdd6ab6a (webtiles) character file.

22 sagitran the Gusty (level 2, 0/22 HPs)
             Began as a Tengu Air Elementalist on July 3, 2017.
             Slain by a hobgoblin
             ... wielding a +0 spear
              (2 damage)
             ... on level 1 of the Dungeon.
             The game lasted 00:03:28 (673 turns).

sagitran the Gusty (Tengu Air Elementalist)          Turns: 673, Time: 00:03:29

Health: 0/22       AC: 21    Str:  8    XL:     2   Next: 91%
Magic:  1/6        EV:  2    Int: 15    God:
Gold:   57         SH:  0    Dex: 14    Spells: 4/5 levels left

rFire    + . .     SeeInvis .   h - +0 dagger
rCold    x . .     Gourm    .   (no shield)
rNeg     + + +     Faith    .   (armour currently unavailable)
rPois    +         Spirit   .   (helmet currently unavailable)
rElec    .         Reflect  .   (cloak currently unavailable)
rCorr    .         Harm     .   (gloves currently unavailable)
MR       .....     NoTele   +   (boots unavailable)
Stlth    ++........             (no amulet)
HPRegen  0.07/turn              e - ring of fire
MPRegen  0.10/turn              (no ring)

@: tree-form
A: no striking features
a: no special abilities


You were on level 1 of the Dungeon.
You were not hungry.
You were a tree.
You visited 1 branch of the dungeon, and saw 2 of its levels.

You collected 57 gold pieces.

Inventory:

Hand Weapons
 h - a +0 dagger (weapon)
Armour
 a - a +0 robe (melded)
Jewellery
 e - a ring of fire (left branch)
Scrolls
 g - a scroll of identify {unknown}
 i - a scroll of recharging {unknown}
 j - a scroll of immolation {unknown}
 k - a scroll of fear {unknown}
 l - a scroll of random uselessness {unknown}
Potions
 f - a potion of lignification
Books
 b - a book of Air

   Spells                             Type                      Level
   a - Shock                          Conjuration/Air              1
   b - Swiftness                      Charms/Air                   2
   c - Static Discharge               Conjuration/Air              3
   d - Airstrike                      Air                          4
   e - Lightning Bolt                 Conjuration/Air              5
Comestibles
 c - a bread ration
 d - 3 fruits


   Skills:
 + Level 2.1 Dodging
 + Level 2.2 Stealth
 + Level 2.3 Spellcasting
 + Level 1.5 Conjurations
 + Level 4.7 Air Magic


You had 4 spell levels left.
You knew the following spells:

 Your Spells              Type           Power        Failure   Level  Hunger
a - Shock                 Conj/Air       ##..         6%          1    #......


Dungeon Overview and Level Annotations

Branches:
Dungeon (2/15)

Altars:


Innate Abilities, Weirdness & Mutations

((You have a beak for a mouth.))
((You have claws for feet.))


Message History

Aim: a hobgoblin, wielding a spear The zap misses the hobgoblin.
The hobgoblin hits you but does no damage.
You hit the hobgoblin but do no damage. The hobgoblin hits you with a spear.
You barely miss the hobgoblin. The hobgoblin hits you with a spear.
* * * LOW HITPOINT WARNING * * *
You barely miss the hobgoblin. The hobgoblin barely misses you.
It was a potion of lignification.
You turn into a tree.
Your +0 robe melds into your body.
Your roots penetrate the ground.
The hobgoblin hits you with a spear.
* * * LOW HITPOINT WARNING * * *
You closely miss the hobgoblin.
The hobgoblin hits you but does no damage.
Your magical contamination has completely faded away.
You barely miss the hobgoblin.
The hobgoblin hits you but does no damage.
You hit the hobgoblin but do no damage.
The hobgoblin hits you but does no damage.
You hit the hobgoblin but do no damage. The hobgoblin hits you with a spear.
You die...

######### ........# ###
..=.....# ###########..
........##########.....#......
..........†)g♣.........'......
........##########.....#......
........# #######......
........# ......... ........#
.......... ....l...#
........... ........#
........... .........
....$...... ......


You could see a hobgoblin.

Vanquished Creatures
  A worm (D:2)
  A leopard gecko (D:1)
  A bat (D:1)
  A goblin (D:2)
  3 hobgoblins (D:1)
  3 jackals (D:1)
  A kobold (D:1)
  3 frilled lizards (D:1)
  3 rats (D:1)
17 creatures vanquished.

Notes
Turn   | Place    | Note
-------+----------+-------------------------------------------
     0 | D:1      | sagitran the Tengu Air Elementalist began the quest for the Orb.
     0 | D:1      | Reached XP level 1. HP: 10/10 MP: 4/4
   320 | D:2      | Reached XP level 2. HP: 15/15 MP: 4/6
   673 | D:1      | Slain by a hobgoblin

Vault maps used:
D:1:      lemuel_arrival_tunnels, kennysheep_nondescript
D:2:      old_standard_altar, bloody_makhleb, minmay_tromino_i4

Action                   || total
-------------------------++-------
Melee: Dagger            ||    16
       Kick              ||     1
 Cast: Shock             ||    24
  Use: Potion            ||     1
 Stab: Sleeping          ||     2
Armor: Skin              ||     3
       Robe              ||     2
Dodge: Dodged            ||     3
